 Dungeon Crawl Stone Soup version 0.18-b1-2-gd0c887e (webtiles) character file.

102 senseless the Skirmisher (level 4, -3/42 HPs)
             Began as a Minotaur Fighter on Apr 28, 2016.
             Slain by Ganima's ghost (8 damage)
             ... on level 3 of the Dungeon.
             The game lasted 00:13:07 (1657 turns).

senseless the Skirmisher (Minotaur Fighter)         Turns: 1657, Time: 00:13:07

Health: -3/42      AC:  7    Str: 25    XL:     4   Next: 49%
Magic:  3/3        EV:  7    Int:  5    God:
Gold:   162        SH: 10    Dex: 11    Spells: 0 memorised, 3 levels left

rFire  . . .     SeeInvis .     a - +0 flail
rCold  . . .     Gourm    .     b - +0 scale mail
rNeg   . . .     Faith    .     c - +0 shield
rPois  .         Spirit   .     (helmet restricted)
rElec  .         Dismiss  .     (no cloak)
rCorr  .         Reflect  .     (no gloves)
SustAt .         Harm     .     (no boots)
MR     .....                    (no amulet)
Stlth  ..........               (no ring)
                                (no ring)

@: mighty, not resistant to hostile enchantments, extremely unstealthy
A: retaliatory headbutt, horns 2
a: no special abilities


You were on level 3 of the Dungeon.
You were very hungry.

You visited 1 branch of the dungeon, and saw 3 of its levels.

You collected 162 gold pieces.

Inventory:

Hand Weapons
 a - a +0 flail (weapon)
Armour
 b - a +0 scale mail (worn)
 c - a +0 shield (worn)
Scrolls
 e - 5 scrolls of identify {unknown}
 h - a scroll of fog {unknown}
 i - a scroll of blinking {unknown}
 j - 2 scrolls of noise {unknown}
 m - a scroll of remove curse {unknown}
 n - a scroll of magic mapping {unknown}
Potions
 l - a potion of brilliance {unknown}
 o - a potion of magic {unknown}
Comestibles
 f - a bread ration
 g - 2 meat rations


   Skills:
 * Level 5.0 Fighting
 + Level 3.1 Maces & Flails
 + Level 4.4 Armour
 + Level 4.2 Shields


You had 3 spell levels left.
You didn't know any spells.

Dungeon Overview and Level Annotations

Branches:
Dungeon (3/15)

Altars:
Pakellas
Trog

Annotations:
D:3 Ganima's ghost, novice GrGl


Innate Abilities, Weirdness & Mutations

You reflexively headbutt those who attack you in melee.
You have a pair of horns on your head.


Message History

Your shield and scale mail prevent you from hitting Ganima's ghost.
Your headbutt misses Ganima's ghost.
Ganima's ghost is lightly damaged.
You block Ganima's ghost's attack. Ganima's ghost barely misses you.
You furiously retaliate!
You headbutt Ganima's ghost, but do no damage.
You barely miss Ganima's ghost.
Ganima's ghost is lightly damaged.
You block Ganima's ghost's attack.
You sock Ganima's ghost! Your headbutt misses Ganima's ghost.
Ganima's ghost is moderately damaged.
Ganima's ghost hits you!
* * * LOW HITPOINT WARNING * * *
You feel very mighty all of a sudden. Ganima's ghost completely misses you.
You closely miss Ganima's ghost. You headbutt Ganima's ghost!
Ganima's ghost is severely damaged.
Ganima's ghost stares at you. Ganima's ghost hits you!
You die...

w#..# .......
..!.#._..#.#
#..........
##...<......
#...<.......
####.....####...
#<.##...##
#...#Wg.#
##.@#...#..#
###Wo...#
#....g.......
.........♣.....
##........ ....
#.####.... ###
.. +#...# . ...#
...#


You could see Ganima's ghost, an orc and a goblin.

Vanquished Creatures
  An orc priest (D:3)
  A gnoll (D:1)
  2 adders (D:2)
  2 worms (D:2)
  A dart slug (D:2)
  2 giant geckos (D:2)
  3 bats
  4 giant cockroaches
  5 goblins
  4 hobgoblins
  5 kobolds
  A quokka (D:3)
  A giant newt (D:3)
  4 rats
36 creatures vanquished.

Vanquished Creatures (others)
  A lightning spire (D:2)
  2 bushes (D:2)
3 creatures vanquished.

Grand Total: 39 creatures vanquished

Notes
Turn   | Place    | Note
--------------------------------------------------------------
     0 | D:1      | senseless the Minotaur Fighter began the quest for the Orb.
     0 | D:1      | Reached XP level 1. HP: 19/19 MP: 0/0
   230 | D:1      | Reached XP level 2. HP: 26/27 MP: 1/1
   308 | D:1      | Reached skill level 4 in Fighting
   576 | D:1      | You fall through a shaft!
   609 | D:2      | Reached XP level 3. HP: 34/34 MP: 2/2
  1217 | D:2      | Found an oddly glowing altar of Pakellas.
  1218 | D:2      | Noticed a sphinx
  1317 | D:3      | Found a bloodstained altar of Trog.
  1317 | D:3      | Noticed Ganima's ghost (novice GrGl)
  1325 | D:2      | Reached XP level 4. HP: 6/41 MP: 3/3
  1646 | D:3      | Reached skill level 5 in Fighting
  1657 | D:3      | Slain by Ganima's ghost

Skill      XL: |  1  2  3  4 |
---------------+-------------+-----
Fighting       | 4 5 |  5.0
Armour         | 4 |  4.4
Shields        | 4 |  4.2
Maces & Flails | 3 |  3.1

Action                   |  1- 3 |  4- 6 || total
-------------------------+-------+-------++-------
Melee: Flail             |    87 |    18 ||   105
       Headbutt          |    14 |     4 ||    18
  Use: Potion            |       |     1 ||     1
  Eat: Chunk             |     1 |       ||     1
Armor: Scale mail        |    30 |     4 ||    34
Dodge: Dodged            |    17 |     8 ||    25
Block: Shield            |    38 |    10 ||    48
